 Dungeon Crawl Stone Soup version 0.23.2-1-ga50397a (webtiles) character file.

Game seed: 5228706462020288720

181 kae the Changer (level 5, 0/55 HPs)
             Began as a Demonspawn Transmuter on Apr 14, 2019.
             Slain by Grinder (4 damage)
             ... in a sewer.
             The game lasted 00:04:16 (3969 turns).

kae the Changer (Demonspawn Transmuter)             Turns: 3969, Time: 00:04:16

Health: 0/55       AC: 11    Str: 15      XL:     5   Next: 34%
Magic:  8/8        EV: 12    Int: 15      God:
Gold:   126        SH:  0    Dex: 12 (14) Spells: 2/8 levels left

rFire    . . .     SeeInvis .   p - +0 whip (venom)
rCold    . . .     Gourm    .   (no shield)
rNeg     . . .     Faith    .   b - +0 robe
rPois    .         Spirit   .   (no helmet)
rElec    .         Reflect  .   (no cloak)
rCorr    .         Harm     .   (no gloves)
MR       .....                  (no boots)
Stlth    ..........             (no amulet)
HPRegen  0.18/turn              i - +3 ring of protection
MPRegen  0.11/turn              (no ring)

@: berserking, sanguine armour, very quick
A: claws 1, sanguine armour 1
a: no special abilities


You were in a sewer.
You were not hungry.

You visited 1 branch of the dungeon, and saw 3 of its levels.
You also visited: Sewer.

You collected 126 gold pieces.

Inventory:

Hand Weapons
 e - a +0 whip
 p - a +0 whip of venom (weapon)
Missiles
 a - 32 arrows
Armour
 b - a +0 robe (worn)
Jewellery
 i - a +3 ring of protection (left claw)
Wands
 g - a wand of random effects (16)
Scrolls
 h - a scroll of remove curse
 n - a scroll of teleportation
 o - 2 scrolls of blinking
Potions
 f - a potion of haste
 j - a potion of might
 m - a potion of flight
Comestibles
 c - a chunk of flesh
 d - 3 rations


   Skills:
 - Level 1.0 Fighting
 - Level 1.7 Dodging
 - Level 2.6 Unarmed Combat
 - Level 2.0 Spellcasting
 + Level 5.1 Transmutations


You had 2 spell levels left.
You knew the following spells:

 Your Spells              Type           Power        Failure   Level  Hunger
a - Beastly Appendage     Tmut           ###...       2%          1    #......
b - Sticks to Snakes      Tmut           ###.....     4%          2    ###....
c - Spider Form           Tmut/Pois      #.........   22%         3    ###....

Your spell library contained the following spells:

 Spells                   Type           Power        Failure   Level  Hunger
 Ice Form                 Ice/Tmut       #.......     58%         4    #####..
 Blade Hands              Tmut           ###.......   58%         5    ######.


Dungeon Overview and Level Annotations

Branches:
Dungeon (3/15)

Altars:

Annotations:
Sewer Grinder


Innate Abilities, Weirdness & Mutations

You have sharp fingernails.
When seriously injured, your bleeding wounds create armour. (AC +6)


Message History

Grinder is moderately wounded.
Grinder hits you!
Your blood congeals into armour.
You barely miss Grinder.
Grinder is heavily wounded.
Grinder completely misses you.
You hit Grinder.
Grinder is heavily wounded.
Grinder hits you but does no damage.
You hit Grinder.
Grinder is severely wounded.
Grinder hits you!
* * * LOW HITPOINT WARNING * * *
You writhe in agony.
* * * LOW HITPOINT WARNING * * *
Grinder hits you but does no damage.
A red film seems to cover your vision as you go berserk!
You feel yourself moving faster!
You feel mighty! Grinder hits you.
* * * LOW HITPOINT WARNING * * *
You writhe in agony.
You die...

##)## ##!??## #≈...≈#
###############≈...≈#
≈≈≈≈≈≈≈≈.'.)≈##≈...≈#
≈≈≈≈≈≈≈≈.#.≈≈##≈...≈#
≈≈≈≈≈≈≈≈.#.≈≈##≈...≈#
≈≈≈≈≈≈≈≈.#.≈≈##≈...≈#
≈≈≈≈≈≈≈..#.≈≈###@5'##
≈≈≈≈≈≈...#.≈≈##((...##
##≈###.####.###..§...#
.......≈≈#...#.....§.+
......≈≈≈≈..)).§._...+
.......≈≈#...#.....§.+
≈###≈#.####.###..§...#
≈≈≈≈≈≈...#.≈≈##.....##
≈≈≈≈≈≈≈..#.≈≈###+++##


You could see Grinder.

Vanquished Creatures
  A quasit (Sewer)
  A big kobold zombie (Sewer)
  3 adders
  2 river rats (D:3)
  A shadow imp (Sewer)
  3 ufetubi (Sewer)
  An adder zombie (Sewer)
  A worm (D:2)
  8 giant cockroaches
  5 goblins
  7 hobgoblins
  A quokka (D:3)
  3 bats
  A frilled lizard (D:1)
  A giant cockroach zombie (Sewer)
  18 kobolds
  A kobold zombie (Sewer)
  5 rats
63 creatures vanquished.

Vanquished Creatures (others)
  5 toadstools (D:1)
5 creatures vanquished.

Grand Total: 68 creatures vanquished

Notes
Turn   | Place    | Note
-------+----------+-------------------------------------------
     0 | D:1      | kae the Demonspawn Transmuter began the quest for the Orb.
     0 | D:1      | Reached XP level 1. HP: 15/15 MP: 3/3
    40 | D:1      | Reached skill level 2 in Transmutations
   489 | D:1      | Gained mutation: When seriously injured, your bleeding
                  | wounds create armour. (AC +6) [demonic ancestry]
   489 | D:1      | Reached XP level 2. HP: 20/21 MP: 3/5
  1156 | D:2      | Reached skill level 3 in Transmutations
  1695 | D:2      | Reached XP level 3. HP: 13/26 MP: 6/6
  2676 | D:3      | Found a glowing drain.
  2683 | D:3      | Learned a level 2 spell: Sticks to Snakes
  2687 | D:3      | Learned a level 3 spell: Spider Form
  2880 | D:3      | Gained mutation: You have sharp fingernails. [demonic
                  | ancestry]
  2880 | D:3      | Reached XP level 4. HP: 25/32 MP: 4/7
  2885 | D:3      | Reached skill level 4 in Transmutations
  2901 | Sewer    | Entered a sewer
  3710 | Sewer    | Reached XP level 5. HP: 26/37 MP: 5/8
  3828 | Sewer    | Found a burning altar of Makhleb.
  3859 | Sewer    | Reached skill level 5 in Transmutations
  3926 | Sewer    | Noticed Grinder
  3969 | Sewer    | Slain by Grinder

Skill      XL: |  1  2  3  4  5 |
---------------+----------------+-----
Transmutations | 2 3 4 5 |  5.1
Fighting       | |  1.0
Dodging        | |  1.7
Unarmed Combat | |  2.6
Spellcasting   | |  2.0

Action                   |  1- 3 |  4- 6 || total
-------------------------+-------+-------++-------
Melee: Whip              |   146 |    66 ||   212
       Kick              |     6 |       ||     6
       Unarmed           |     9 |    82 ||    91
       Headbutt          |     2 |       ||     2
       Punch             |     2 |       ||     2
 Cast: Beastly Appendage |     8 |       ||     8
       Spider Form       |     1 |     8 ||     9
Evoke: Wand              |     1 |       ||     1
  Use: Scroll            |     8 |       ||     8
       Potion            |     1 |     2 ||     3
 Stab: Sleeping          |     1 |     1 ||     2
       Distracted        |     1 |       ||     1
  Eat: Chunk             |     6 |     2 ||     8
       Ration            |       |     1 ||     1
Armor: Robe              |    43 |    46 ||    89
       Skin              |     6 |    36 ||    42
Dodge: Dodged            |    95 |   186 ||   281
